 Dungeon Crawl Stone Soup version 0.26-a0-1101-g8f9f7f7418 (webtiles) character file.

Game seed: 10358762005775180089

783 tilp the Changer (level 7, 0/44 (45) HPs)
             Began as an Octopode Transmuter on Dec 15, 2020.
             Hit by a stone thrown by a wight (4 damage)
             ... on level 5 of the Dungeon.
             The game lasted 00:12:21 (7684 turns).

tilp the Changer (Octopode Transmuter)              Turns: 7684, Time: 00:12:22

HP:   0/44 (45)     AC:  1    Str:  9    XL:     7   Next: 86%
MP:   13/13         EV: 13    Int: 17    God:
Gold: 145           SH:  0    Dex: 15    Spells: 4/14 levels left

rFire    . . .     SeeInvis .     - Unarmed
rCold    + . .     Faith    .   (no shield)
rNeg     . . .     Spirit   .   (helmet currently unavailable)
rPois    .         Reflect  .   (no amulet)
rElec    .         Harm     .   (no ring)
rCorr    .         Rampage  .   (no ring)
Will     .....                  (no ring)
Stlth    ++++......             (no ring)
HPRegen  0.14/turn              (no ring)
MPRegen  0.13/turn              (no ring)
                                (no ring)
                                (no ring)

@: appendages (expiring), wereblooded, lightly drained
A: almost no armour, stealthy swim, amphibious, 8 rings, constrict 8, tentacle
spike 3, camouflage 1, agile 1, blurry vision 1, cold resistance 1, gelatinous
body 1
a: End Transformation


You were on level 5 of the Dungeon.
One of your tentacles had a temporary spike.
You visited 1 branch of the dungeon, and saw 5 of its levels.

You collected 145 gold pieces.

Inventory:

Missiles
 a - 183 stones
 e - 29 poisoned darts
 h - 3 boomerangs (quivered)
Wands
 s - a wand of random effects (17)
Scrolls
 c - 3 scrolls of remove curse
 d - 2 scrolls of enchant armour {unknown}
 f - a scroll of amnesia {unknown}
 g - a scroll of teleportation
 j - a scroll of fog {unknown}
 l - a scroll of fear {unknown}
 q - a scroll of random uselessness {unknown}
Potions
 b - 2 potions of attraction
 i - a potion of brilliance
 m - 2 potions of cancellation
 n - a potion of flight {unknown}
 o - a potion of might {unknown}
 p - a potion of berserk rage {unknown}
 r - 2 potions of haste {unknown}


   Skills:
 + Level 2.2 Fighting
 - Level 2.0 Dodging
 - Level 4.0 Stealth
 - Level 4.0 Unarmed Combat
 - Level 4.0 Spellcasting
 - Level 6.0 Transmutations
 - Level 2.0 Poison Magic


You had 4 spell levels left.
You knew the following spells:

 Your Spells              Type           Power        Failure   Level
a - Beastly Appendage     Tmut           ###...       1%          1
b - Wereblood             Tmut           ###.....     1%          2
c - Spider Form           Tmut/Pois      ###.......   9%          3
d - Ice Form              Ice/Tmut       ##......     41%         4

Your spell library contained the following spells:

 Spells                   Type           Power        Failure   Level
 Blade Hands              Tmut           ###.......   36%         5


Dungeon Overview and Level Annotations

Branches:
Dungeon (5/15)
 Temple: D:4-7

Altars:
Hepliaklqana
Okawaru
Yredelemnul
The Shining One

Annotations:
D:3 1 runed translucent door, Crazy Yiuf


Innate Abilities, Weirdness & Mutations

You cannot wear most types of armour.
You are very stealthy in the water. (Stealth+)
You are amphibious.
You can wear up to eight rings at the same time.
You can use your tentacles to constrict eight enemies at once.
Your skin changes colour to match your surroundings (Stealth+).
Your rubbery body absorbs attacks. (AC +1, EV +1)
One of your tentacles bears a large vicious spike.
You are agile. (Dex +2)
Scrolls take you a little longer to read.
Your flesh is cold resistant. (rC+)


Message History

You tentacle-slap the wight.
You pierce the wight.
You destroy the wight!
Training target 6.0 for Transmutations reached!
Your Transmutations skill increases to level 6!
You need to enable at least one skill for training.
You see here an orc corpse.
Your transformation is almost over.
The wight throws a stone.
The stone misses you.
You see here a stone.
The wight throws a stone.
The stone barely misses you.
The wight throws a stone.
The stone hits you.
* * * LOW HITPOINT WARNING * * *
You see here a stone.
You howl as the wereblood boils in your veins!
The wight throws a stone.
The stone misses you.
The wight throws a stone.
The stone hits you.
* * * LOW HITPOINT WARNING * * *
You see here a stone.
The wight throws a stone.
The stone hits you.
You die...

#.##..........(.#..............
#.......#......................
####....###.....(###'#...#.....
#....###......)z†(#...#.....
##.............####z.........
#......................(####.
#...................)..## #
#..............(...#...#
#...........@(.....#####
#.....####.........#
######.......########
#......####.##_..._# #.####.#
####≈#'#§# #.# #.# ###.## #.#
#.#########..# #.#
#..........#.# #.#
##########.#.#


You could see a wight.

Vanquished Creatures
  A centaur (D:4)
  2 scorpions
  3 wights (D:5)
  2 howler monkeys (D:4)
  2 hounds (D:4)
  4 orc wizards
  A centaur skeleton (D:4)
  A worker ant zombie (D:5)
  Robin (D:3)
  6 adders
  A worm (D:2)
  2 dart slugs
  5 leopard geckos
  11 orcs
  6 giant cockroaches
  20 goblins
  8 hobgoblins
  4 jackals
  2 quokkas
  2 ball pythons
  7 bats
  6 frilled lizards
  9 kobolds
  10 rats
116 creatures vanquished.

Notes
Turn   | Place    | Note
-------+----------+-------------------------------------------
     0 | D:1      | tilp the Octopode Transmuter began the quest for the Orb.
     0 | D:1      | Reached XP level 1. HP: 13/13 MP: 3/3
   398 | D:1      | Reached XP level 2. HP: 18/18 MP: 3/5
   533 | D:1      | Reached skill level 3 in Transmutations
   537 | D:1      | Learned a level 2 spell: Wereblood
  1134 | D:2      | Reached XP level 3. HP: 23/23 MP: 4/6
  1138 | D:2      | Learned a level 3 spell: Spider Form
  1213 | D:2      | Gained mutation: Scrolls take you a little longer to read.
                  | [potion of mutation]
  1213 | D:2      | Gained mutation: Your flesh is cold resistant. (rC+)
                  | [potion of mutation]
  1213 | D:2      | Gained mutation: You are agile. (Dex +2) [potion of
                  | mutation]
  1563 | D:2      | Found a glowing golden altar of the Shining One.
  1611 | D:2      | Reached skill level 4 in Transmutations
  1655 | D:2      | Reached XP level 4. HP: 20/28 MP: 7/7
  1812 | D:2      | Reached skill level 1 in Stealth
  2629 | D:3      | Noticed Robin
  3357 | D:3      | Killed Robin
  3373 | D:3      | Reached XP level 5. HP: 4/34 MP: 6/8
  3862 | D:3      | Found a hazy altar of Hepliaklqana.
  4053 | D:3      | Found a runed translucent door.
  4054 | D:3      | Noticed Crazy Yiuf
  4654 | D:4      | Reached XP level 6. HP: 28/39 MP: 6/9
  4772 | D:4      | Noticed a phantom
  4908 | D:4      | Reached skill level 1 in Poison Magic
  5575 | D:4      | Reached XP level 7. HP: 33/45 MP: 9/11
  6116 | D:4      | Reached skill level 5 in Transmutations
  6345 | D:5      | Entered Level 5 of the Dungeon
  6353 | D:5      | Found a basalt altar of Yredelemnul.
  6353 | D:5      | Found an iron altar of Okawaru.
  7088 | D:5      | Learned a level 4 spell: Ice Form
  7227 | D:5      | HP: 1/44 [wight/+2 spear (6)]
  7675 | D:5      | Reached skill level 6 in Transmutations
  7684 | D:5      | Hit by a stone thrown by a wight

Illustrated notes

Levels and vault maps discovered:
D:1:      dpeg_arrival_boxes_within_box, layout_basic, minmay_misc_feat_roman
D:2:      layout_loops_ring, nicolae_tso_carved_into_rock
D:3:      layout_rooms, lemuel_coloured_pillars_altar, uniq_crazy_yiuf_cottage,
          uniq_robin
D:4:      layout_gridville
D:5:      minmay_octagon_keep, layout_basic, nicolae_overflow_hidden_temple,
          gammafunk_temple_overflow_elements, gammafunk_temple_overflow_pools,
          minmay_temple_entry_fiery, hangedman_abyss_or_decor_lesser_grid

Skill      XL: |  1  2  3  4  5  6  7 |
---------------+----------------------+-----
Transmutations | 3 4 6 |  6.0
Stealth        | 2 4 |  4.0
Fighting       | 2 |  2.2
Unarmed Combat | 4 |  4.0
Poison Magic   | 2 |  2.0
Spellcasting   | 4 |  4.0
Dodging        | |  2.0

Action                   |  1- 3 |  4- 6 |  7- 9 || total
-------------------------+-------+-------+-------++-------
Melee: Unarmed           |    65 |   160 |    43 ||   268
       Kick              |    15 |    31 |    13 ||    59
       Constrict         |    17 |    45 |     8 ||    70
       Tentacles         |     5 |    31 |     6 ||    42
       Punch             |       |     7 |     1 ||     8
Throw: Dart              |    19 |    31 |    17 ||    67
       Boomerang         |       |       |     3 ||     3
 Cast: Beastly Appendage |    20 |    31 |     6 ||    57
       Wereblood         |       |     6 |     3 ||     9
       Spider Form       |       |       |     1 ||     1
  Use: Potion            |     3 |     1 |       ||     4
       Scroll            |       |     7 |     1 ||     8
 Stab: Sleeping          |     5 |     9 |       ||    14
       Distracted        |     1 |     1 |       ||     2
Armor: Skin              |    11 |     9 |     1 ||    21
Dodge: Dodged            |    36 |    94 |    19 ||   149

Table legend: (Time is in decaauts)
 A = Elapsed time spent in this place.
 B = Non-inter-level travel time spent in this place.
 C = Inter-level travel time spent in this place.
 D = Time resting spent in this place.
 E = Time spent auto-exploring this place.
 F = Levels seen in this place.
 G = Mean time per level.
                   A        B        C        D        E       F      G
               +--------+--------+--------+--------+--------+-----+--------+
         Total |   7670 |   7186 |    484 |   3140 |   2924 |   5 | 1534.0 |
       Dungeon |   7670 |   7186 |    484 |   3140 |   2924 |   5 | 1534.0 |
               +--------+--------+--------+--------+--------+-----+--------+

Top non-repeatable levels by time:
     D:4: 2106 daAuts
     D:2: 1821 daAuts
     D:3: 1716 daAuts
     D:1: 1076 daAuts
     D:5: 949 daAuts
